 Dungeon Crawl Stone Soup version 0.21.1-1-g345015f (webtiles) character file.

103 Matador8 the Poker (level 4, -1/33 HPs)
             Began as a Merfolk Skald on Apr 17, 2018.
             Slain by an orc
             ... wielding a +2 hand axe of electrocution
              (3 damage)
             ... on level 4 of the Dungeon.
             The game lasted 00:21:28 (3065 turns).

Matador8 the Poker (Merfolk Skald)                  Turns: 3065, Time: 00:21:28

Health: -1/33      AC:  4    Str: 11    XL:     4   Next: 79%
Magic:  6/7        EV: 12    Int: 13    God:
Gold:   139        SH:  0    Dex: 13    Spells: 2/7 levels left

rFire    . . .     SeeInvis .   a - +0 spear
rCold    . . .     Gourm    .   (no shield)
rNeg     . . .     Faith    .   b - +0 leather armour
rPois    .         Spirit   .   (no helmet)
rElec    .         Reflect  .   w - +0 cloak
rCorr    .         Harm     .   (no gloves)
MR       .....                  (no boots)
Stlth    +.........             (no amulet)
HPRegen  0.11/turn              (no ring)
MPRegen  0.10/turn              (no ring)

@: infused (expiring)
A: change form in water, swift swim, stealthy swim
a: no special abilities


You were on level 4 of the Dungeon.
You were not hungry.

You visited 1 branch of the dungeon, and saw 4 of its levels.

You collected 139 gold pieces.

Inventory:

Hand Weapons
 a - a +0 spear (weapon)
Armour
 b - a +0 leather armour (worn)
 w - a +0 cloak (worn)
Jewellery
 g - an uncursed ring of fire {unknown}
 i - an uncursed ring of protection from magic {unknown}
 q - an uncursed amulet of rage {unknown}
Scrolls
 e - 8 scrolls of identify {unknown}
 f - 2 scrolls of enchant weapon {unknown}
 k - a scroll of random uselessness {unknown}
 l - a scroll of fog {unknown}
 p - 3 scrolls of blinking {unknown}
 r - 5 scrolls of remove curse {unknown}
 s - a scroll of teleportation {unknown}
 t - 3 scrolls of immolation {unknown}
 x - a scroll of magic mapping {unknown}
Potions
 h - 3 potions of flight {unknown}
 j - 3 potions of magic {unknown}
 m - a potion of might {unknown}
 n - 2 potions of degeneration {unknown}
 o - a potion of mutation {unknown}
 u - 2 potions of haste {unknown}
 z - a potion of heal wounds {unknown}
 A - a potion of brilliance {unknown}
Books
 c - a book of Battle

   Spells                             Type                      Level
   a - Infusion                       Charms                       1
   b - Shroud of Golubria             Charms/Translocation         2
   c - Song of Slaying                Charms                       2
   d - Spectral Weapon                Hexes/Charms                 3
   e - Regeneration                   Charms/Necromancy            3
Comestibles
 d - 11 rations
 v - a chunk of flesh


   Skills:
 - Level 2.1 Fighting
 + Level 5.4 Polearms
 - Level 0.6 Armour
 - Level 2.6 Dodging
 - Level 2.0 Spellcasting
 + Level 4.7 Charms


You had 2 spell levels left.
You knew the following spells:

 Your Spells              Type           Power        Failure   Level  Hunger
a - Infusion              Chrm           ##..         4%          1    ##.....
b - Shroud of Golubria    Chrm/Tloc      #.........   19%         2    ###....
c - Song of Slaying       Chrm           ##......     7%          2    ###....


Dungeon Overview and Level Annotations

Branches:
Dungeon (4/15)
 Temple: D:4-7

Altars:
Ashenzari
Cheibriados


Message History

You closely miss the orc. The orc barely misses you.
You hit the orc.
The orc is heavily wounded.
The orc hits you with a hand axe of electrocution.
You are electrocuted!
Ouch! That really hurt!
* * * LOW HITPOINT WARNING * * *
You closely miss the orc.
The orc is heavily wounded.
The orc hits you with a hand axe of electrocution.
* * * LOW HITPOINT WARNING * * *
You hit the orc.
The orc is heavily wounded.
You closely miss the orc.
The orc is heavily wounded.
The orc closely misses you.
Your magical infusion is running out.
There is a stone staircase leading up here.
The orc hits you with a hand axe of electrocution.
You die...

#..#
#.####..#
#.......#
######.##
#.# #.#
#.#
.#######o#
.......@.#
##########


You could see an orc.

Vanquished Creatures
  An adder (D:2)
  2 worms
  3 dart slugs
  2 leopard geckos
  4 orcs (D:3)
  3 ball pythons (D:2)
  7 bats
  7 giant cockroaches
  5 goblins
  7 hobgoblins
  8 jackals (D:2)
  5 kobolds
  A quokka (D:3)
  6 frilled lizards
  10 rats
71 creatures vanquished.

Notes
Turn   | Place    | Note
-------+----------+-------------------------------------------
     0 | D:1      | Matador8 the Merfolk Skald began the quest for the Orb.
     0 | D:1      | Reached XP level 1. HP: 16/16 MP: 3/3
   126 | D:1      | Reached XP level 2. HP: 5/22 MP: 5/5
   867 | D:1      | Reached skill level 4 in Polearms
   960 | D:1      | Reached XP level 3. HP: 19/27 MP: 6/6
  1375 | D:2      | Found a snail-covered altar of Cheibriados.
  1713 | D:2      | Reached XP level 4. HP: 26/33 MP: 3/7
  2070 | D:2      | Reached skill level 5 in Polearms
  2249 | D:2      | Found a shattered altar of Ashenzari.
  2604 | D:3      | Learned a level 2 spell: Shroud of Golubria
  2607 | D:3      | Learned a level 2 spell: Song of Slaying
  3055 | D:4      | HP: 1/33 [orc/hand axe of electrocution (6)]
  3065 | D:4      | Slain by an orc

Skill      XL: |  1  2  3  4 |
---------------+-------------+-----
Polearms       | 4 5 |  5.4
Charms         | 4 |  4.7
Fighting       | |  2.1
Armour         | |  0.6
Dodging        | |  2.6
Spellcasting   | |  2.0

Action                   |  1- 3 |  4- 6 || total
-------------------------+-------+-------++-------
Melee: Spear             |   144 |   107 ||   251
 Cast: Infusion          |     8 |     7 ||    15
  Eat: Chunk             |     3 |     4 ||     7
Armor: Leather armour    |    38 |    45 ||    83
Dodge: Dodged            |    89 |    60 ||   149
